 Dungeon Crawl Stone Soup version 0.17-a0-1778-gd369669 (webtiles) character file.

1084 Stormsson the Magician (level 8, -10/36 HPs)
             Began as a Spriggan Conjurer on Sept 7, 2015.
             Mangled by an orc warrior
             ... wielding a +0 scimitar
              (18 damage)
             ... on level 6 of the Dungeon on Sept 8, 2015.
             The game lasted 01:01:17 (6744 turns).

Stormsson the Magician (Spriggan Conjurer)          Turns: 6744, Time: 01:01:17

Health: -10/36     AC:  7    Str:  5    XL:     8   Next: 8%
Magic:  0/18       EV: 21    Int: 17    God:
Gold:   244        SH:  0    Dex: 17    Spells: 3 memorised, 13 levels left

rFire  . . .     SeeInvis +     l - +0 dagger
rCold  . . .     Clarity  .     a - +0 robe
rNeg   . . .     SustAt   .     (shield restricted)
rPois  .         Gourm    .     (helmet restricted)
rElec  .         Spirit   .     i - +2 cloak
rCorr  .         Warding  .     (gloves unavailable)
rMut   .         Stasis   .     (boots unavailable)
MR     +....                    (no amulet)
Stlth  ++++......               A - ring of see invisible
                                y - +2 ring of protection

@: very quick, somewhat resistant to hostile enchantments, stealthy
A: unfitting armour, see invisible, herbivore 3, speed 3, slow metabolism 2
a: no special abilities


You were on level 6 of the Dungeon.
You were not hungry.

You visited 1 branch of the dungeon, and saw 7 of its levels.

You collected 244 gold pieces.

Inventory:

Hand weapons
 l - a +0 dagger (weapon)
Missiles
 u - 74 stones (quivered)
Armour
 a - a +0 robe (worn)
 i - a +2 cloak (worn)
 t - a +0 robe
 G - a +0 robe
Jewellery
 y - a +2 ring of protection (left hand)
 A - a ring of see invisible (right hand)
 B - an uncursed ring of flight
Magical devices
 r - a wand of digging (10)
 C - a wand of flame (36)
Scrolls
 f - a scroll of blinking {unknown}
 m - 2 scrolls of magic mapping
 o - a scroll of teleportation
 q - 2 scrolls of fear {unknown}
 v - a scroll of noise {unknown}
 w - a scroll of remove curse
 x - 3 scrolls of enchant weapon {unknown}
 z - a scroll of immolation {unknown}
 E - a scroll of holy word {unknown}
 H - a scroll of identify
 I - a scroll of enchant armour
Potions
 d - 3 potions of ambrosia {unknown}
 e - a potion of curing {unknown}
 g - 2 potions of berserk rage {unknown}
 h - 2 potions of lignification {unknown}
 k - a potion of heal wounds {unknown}
 n - 2 potions of might {unknown}
 p - 2 potions of degeneration {unknown}
 s - a potion of agility {unknown}
 F - a potion of cancellation {unknown}
Books
 b - a book of Conjurations

   Spells                             Type                      Level
   a - Magic Dart                     Conjuration                  1
   b - Searing Ray                    Conjuration                  2
   c - Dazzling Spray                 Conjuration/Hexes            3
   d - Fulminant Prism                Conjuration/Hexes            4
   e - Iskenderun's Mystic Blast      Conjuration                  4
   f - Iskenderun's Battlesphere      Conjuration/Charms           5
Comestibles
 c - 5 bread rations
 j - 2 fruits
 D - a slice of pizza


   Skills:
 - Level 0.5 Armour
 + Level 5.7 Dodging
 + Level 5.6 Stealth
 + Level 6.5 Spellcasting
 * Level 5.7 Conjurations


You had 13 spell levels left.
You knew the following spells:

 Your Spells              Type           Power        Failure   Level  Hunger
a - Magic Dart            Conj           ####         1%          1    None
b - Searing Ray           Conj           ####..       1%          2    None
c - Iskenderun's Mystic   Conj           ####....     14%         4    ####...


Dungeon Overview and Level Annotations

Branches:
Dungeon (7/15)
 Temple: D:4-7

Altars:
Elyvilon
Gozag
Makhleb
Nemelex Xobeh
Sif Muna
Xom
Zin
The Shining One

Shops:
D:4 }


Innate Abilities, Weirdness & Mutations

You are tiny and cannot use many weapons and most armour.
You have supernaturally acute eyesight.
You are a herbivore.
You cover ground extremely quickly.
You need consume almost no food.


Message History

The orc warrior is moderately wounded.
The searing ray hits the orc warrior.
The orc warrior is moderately wounded.
The orc warrior barely misses you.
The searing ray hits the orc warrior.
The orc warrior is severely wounded.
The orc warrior closely misses you.
Casting: Searing Ray
Confirm with . or Enter, or press ? or * to list all spells.
Aiming: Searing Ray
Press: ? - help, Shift-Dir - straight line, f/p - orc warrior
Aim: an orc warrior, wielding a scimitar and wearing a plate armour (severely wounded)
The searing ray hits the orc warrior.
The orc warrior is severely wounded.
The searing ray misses the orc warrior.
The orc warrior hits you with a scimitar!
* * * LOW HITPOINT WARNING * * *
The orc warrior hits you with a scimitar!!
Ouch! That really hurt!
You die...

.....###.....#.#.##.>...........#
##.#......#.#....##.?...........#
#.#......#.#######.............#
##.#..###........##.............#
#.....# #.######.##.............#
#.....###.# #.##.............#
#.........# #.##o............#
..........# #.##.............#
..........# #@##†............#
..........# #.o†.....[.......#
..).......# ####.............#
..........# ....................#
....#####. ######..............#
#...# #..............# #...#
#.#+##.....##### #...#####. #.
#.###.# #......... #+ #.# #.#


You could see an orc warrior.

Vanquished Creatures
  2 ogres
  An ice beast (D:5)
  A giant frog (D:5)
  A scorpion (D:5)
  6 orc priests
  3 iguanas
  3 orc wizards (D:5)
  2 hounds
  5 worker ants
  5 adders
  2 shadow imps (D:5)
  An ooze (D:3)
  2 giant geckos
  14 orcs
  9 bats
  7 giant cockroaches
  5 goblins
  7 hobgoblins
  8 jackals
  3 kobolds
  2 quokkas
  A ball python (D:2)
  A giant newt (D:1)
  5 rats
96 creatures vanquished.

Vanquished Creatures (others)
  Prince Ribbit (D:6)
  5 sheep (D:5)
  4 toadstools (D:1)
10 creatures vanquished.

Grand Total: 106 creatures vanquished

Notes
Turn   | Place    | Note
--------------------------------------------------------------
     0 | D:1      | Stormsson the Spriggan Conjurer began the quest for the Orb.
     0 | D:1      | Reached XP level 1. HP: 9/9 MP: 5/5
   198 | D:1      | Reached XP level 2. HP: 13/13 MP: 4/7
   280 | D:1      | Learned a level 2 spell: Searing Ray
  1230 | D:2      | Reached XP level 3. HP: 16/16 MP: 2/9
  1451 | D:2      | Found a white marble altar of Elyvilon.
  1488 | D:2      | Reached skill level 4 in Spellcasting
  2350 | D:3      | Reached XP level 4. HP: 21/21 MP: 4/11
  2422 | D:3      | Learned a level 4 spell: Iskenderun's Mystic Blast
  2464 | D:3      | Found an opulent altar of Gozag.
  2465 | D:3      | Found a glowing silver altar of Zin.
  2995 | D:4      | Found a glowing golden altar of the Shining One.
  3110 | D:4      | You fall through a shaft for 3 floors!
  3125 | D:7      | Noticed a black bear
  3215 | D:6      | Found a sparkling altar of Nemelex Xobeh.
  3221 | D:6      | Noticed an ogre
  3256 | D:5      | Entered Level 5 of the Dungeon
  3638 | D:4      | Reached XP level 5. HP: 20/24 MP: 8/13
  3649 | D:4      | Noticed an ogre
  3739 | D:4      | Found Reptanec's Gadget Emporium.
  3756 | D:4      | Reached skill level 5 in Spellcasting
  4141 | D:5      | Reached XP level 6. HP: 28/28 MP: 1/15
  4360 | D:5      | Found a deep blue altar of Sif Muna.
  4661 | D:5      | Found a shimmering altar of Xom.
  4712 | D:5      | Noticed an ice beast
  4720 | D:5      | Killed an ice beast
  4784 | D:5      | Noticed an ogre
  4791 | D:5      | Killed an ogre
  4791 | D:5      | Reached skill level 5 in Conjurations
  4791 | D:5      | Reached XP level 7. HP: 9/32 MP: 9/16
  4873 | D:5      | Reached skill level 6 in Spellcasting
  5050 | D:5      | Found a burning altar of Makhleb.
  5791 | D:6      | Noticed a giant frog
  5806 | D:5      | Reached skill level 5 in Dodging
  5806 | D:5      | Reached skill level 5 in Stealth
  5809 | D:5      | Killed a giant frog
  5893 | D:6      | Noticed Prince Ribbit
  5993 | D:6      | Noticed an ice beast
  6373 | D:6      | Killed an ogre
  6373 | D:6      | Reached XP level 8. HP: 20/36 MP: 10/18
  6659 | D:6      | Upgraded the game from 0.17-a0-1769-g54adf96 to 0.17-a0-1778-gd369669
  6664 | D:6      | Noticed an orc warrior
  6719 | D:6      | Killed Prince Ribbit
  6744 | D:6      | Mangled by an orc warrior

Vault maps used:
D:1:      ldierk_walled_garden_2
D:2:      old_standard_altar, grunt_qazlal_sundering
D:3:      grunt_temple_overflow_gold_and_silver, minmay_misc_feat_roman
D:4:      lemuel_coloured_pillars_altar, serial_shops, shop
D:5:      lemuel_round_altar, first_bread, basic_altar, kb_xom_exploding_sheep
D:6:      lemuel_temple_firewalk, nemelex_spade_bored_becter,
          uniq_prince_ribbit1
D:7:      basic_altar, grunt_livestock, uniq_joseph

Action                   |  1- 3 |  4- 6 |  7- 9 || total
-------------------------+-------+-------+-------++-------
Melee: Dagger            |     9 |     6 |     3 ||    18
Throw: Stone             |       |    15 |       ||    15
 Cast: Magic Dart        |   117 |    38 |    34 ||   189
       Searing Ray       |     2 |    22 |    22 ||    46
       Iskenderun's Myst |       |     1 |       ||     1
  Use: Scroll            |       |     9 |       ||     9
  Eat: Fruit             |       |     1 |     2 ||     3
